 Dungeon Crawl Stone Soup version 0.24.0-37-gcf1ca852f1 (webtiles) character file.

Game seed: 8127809758984807321, levelgen mode: deterministic

2534 FishyPogo the Magician (level 9, -10/70 HPs)
             Began as a Gnoll Skald on Dec 7, 2019.
             Was an Elder of Cheibriados.
             Mangled by a death yak (21 damage)
             ... on level 1 of the Lair of Beasts.
             The game lasted 00:29:18 (6042 turns).

FishyPogo the Magician (Gnoll Skald)                Turns: 6042, Time: 00:29:18

Health: -10/70     AC: 11    Str: 22    XL:     9   Next: 55%
Magic:  2/19       EV: 15    Int: 25    God:    Cheibriados [****..]
Gold:   348        SH:  0    Dex: 27    Spells: 7/21 levels left

rFire    . . .     SeeInvis .   b - +2 dagger (vamp)
rCold    . . .     Gourm    .   (no shield)
rNeg     . . .     Faith    .   v - +0 leather armour
rPois    .         Spirit   .   w - +2 helmet
rElec    .         Reflect  .   (no cloak)
rCorr    .         Harm     .   G - +0 pair of gloves
MR       .....                  N - +2 pair of boots
Stlth    ++++......             (no amulet)
HPRegen  1.21/turn              i - -3 ring of evasion
MPRegen  0.16/turn              E - ring of stealth

@: very slightly contaminated, regenerating, very slow
A: distributed training, fangs 1, strong nose
a: Bend Time, Temporal Distortion, Slouch, Renounce Religion


You were on level 1 of the Lair of Beasts.
You worshipped Cheibriados.
Cheibriados was greatly pleased with you.
You were not hungry.

You visited 2 branches of the dungeon, and saw 9 of its levels.

You collected 348 gold pieces.

Inventory:

Hand Weapons
 a - the +5 demon whip "Spellbinder" {antimagic, MR+}
   (You found it on level 7 of the Dungeon)

   It reduces the magical energy of the wielder, and disrupts the spells and
   magical abilities of those hit.
   Natural abilities and divine invocations are not affected.
   It affects your resistance to hostile enchantments.
 b - a +2 vampiric dagger (weapon)
 O - the +1 trident "Vivup" {vamp, rN+}
   (You found it on level 6 of the Dungeon)

   It inflicts no extra harm, but heals its wielder when it wounds a living foe.
   It protects you from negative energy.
Missiles
 g - 4 atropa-tipped darts
 l - 235 stones
 y - 4 javelins (quivered)
 L - 3 boomerangs
 M - 13 poisoned darts
Armour
 v - a +0 leather armour (worn)
 w - a +2 helmet (worn)
 G - a +0 pair of gloves (worn)
 N - a +2 pair of boots (worn)
Jewellery
 i - a -3 ring of evasion (left hand)
 t - an uncursed ring of protection from fire
 E - a ring of stealth (right hand)
Wands
 s - a wand of digging (6)
 A - a wand of polymorph (10)
 D - a wand of iceblast (5)
 F - a wand of paralysis (4)
Scrolls
 c - 2 scrolls of enchant weapon {unknown}
 h - 2 scrolls of immolation {unknown}
 j - 13 scrolls of identify {unknown}
 o - 5 scrolls of remove curse
 p - 2 scrolls of enchant armour {unknown}
 C - a scroll of fog {unknown}
 J - a scroll of fear
 P - a scroll of holy word {unknown}
Potions
 e - a potion of curing {unknown}
 f - a potion of agility {unknown}
 k - 2 potions of invisibility {unknown}
 n - 2 potions of ambrosia {unknown}
 q - a potion of cancellation {unknown}
 u - a potion of mutation {unknown}
 x - a potion of brilliance
 z - a potion of lignification {unknown}
 H - a potion of berserk rage {unknown}
 I - a potion of resistance {unknown}
 K - 2 potions of heal wounds {unknown}
Comestibles
 d - 19 rations
 r - 12 chunks of flesh


   Skills:
 + Level 6.3 Fighting
 + Level 4.2 Short Blades
 + Level 6.3 Long Blades
 + Level 4.2 Axes
 + Level 4.2 Maces & Flails
 + Level 4.2 Polearms
 + Level 4.2 Staves
 + Level 4.2 Slings
 + Level 4.2 Bows
 + Level 4.2 Crossbows
 + Level 4.2 Throwing
 + Level 5.0 Armour
 + Level 6.3 Dodging
 + Level 4.2 Stealth
 + Level 4.2 Shields
 + Level 4.2 Unarmed Combat
 + Level 6.6 Spellcasting
 + Level 3.5 Conjurations
 + Level 3.5 Hexes
 + Level 6.5 Charms
 + Level 3.5 Summonings
 + Level 3.5 Necromancy
 + Level 3.5 Translocations
 + Level 3.5 Transmutations
 + Level 3.5 Fire Magic
 + Level 3.5 Ice Magic
 + Level 3.5 Air Magic
 + Level 3.5 Earth Magic
 + Level 3.5 Poison Magic
 + Level 4.7 Invocations
 + Level 4.2 Evocations


You had 7 spell levels left.
You knew the following spells:

 Your Spells              Type           Power        Failure   Level  Hunger
a - Stone Arrow           Conj/Erth      ####..       5%          3    None
h - Regeneration          Chrm/Necr      ####......   3%          3    None
n - Spectral Weapon       Hex/Chrm       ####....     3%          3    None
p - Shroud of Golubria    Chrm/Tloc      ####..       1%          2    None
u - Song of Slaying       Chrm           #####...     1%          2    None
y - Infusion              Chrm           ####         1%          1    None

Your spell library contained the following spells:

 Spells                   Type           Power        Failure   Level  Hunger
 Sandblast                Erth           ####..       1%          1    None
 Passwall                 Tmut/Erth      ####....     2%          2    None
 Petrify                  Tmut/Erth      ####....     19%         4    ###....
 Lee's Rapid Deconstruct  Erth           ####......   45%         5    #####..


Dungeon Overview and Level Annotations

Branches:
Dungeon (8/15)             Temple (0/1) D:5            Lair (1/6) D:8

Altars:
Cheibriados
Fedhas
Gozag
Hepliaklqana
Qazlal
Sif Muna
Uskayaw
Wu Jian
Xom
The Shining One

Shops:
D:4 (


Innate Abilities, Weirdness & Mutations

Your experience applies equally to all skills.
You have very sharp teeth.
Your uncanny sense of smell can sniff out nearby items.


Message History

You barely miss the death yak.
Your spectral weapon hits the death yak but does no damage.
The death yak misses you.
You hit the death yak but do no damage.
Your spectral weapon hits the death yak but does no damage.
The death yak gores you.
You hit the death yak but do no damage. Your bite misses the death yak.
Your spectral weapon barely misses the death yak.
The death yak gores you!!
* * * LOW HITPOINT WARNING * * *
The death yak closely misses your spectral weapon.
The flow of time bends around you.
Your spectral weapon is unaffected.
You feel slightly more hungry.
The death yak gores your spectral weapon!!
Your spectral weapon shares its damage with you!
* * * LOW HITPOINT WARNING * * *
The death yak closely misses you.
Okay, then.
The death yak gores you!!
You die...

. ...#... ..
.....+... ...
....P...# #..
...... .. ##...
.... ...
......###.###...#
.......<........#
........(.......#
........Y@......#
.......[........#
................#
.......##..P#...#
....... ##.###..#
....... .. ..#
...... ..# # ...
..#


You could see a death yak and a friendly spectral +2 vampiric dagger.

Vanquished Creatures
  Duvessa (D:4)
  A sky beast (D:6)
  An ice beast (D:6)
  A necrophage (D:6)
  7 ogres
  2 centaurs
  2 bullfrogs (D:6)
  Dowan (D:4)
  A wyvern skeleton (D:6)
  3 scorpions
  A howler monkey (D:4)
  A bullfrog zombie (D:6)
  2 centaur zombies (D:7)
  2 crimson imps
  3 hounds
  A jelly (D:5)
  2 bullfrog skeletons
  3 iguanas
  An orc wizard (D:8)
  Natasha (thrice) (D:2)
  5 worker ants
  A killer bee zombie (D:7)
  Robin (D:3)
  A worker ant zombie (D:7)
  16 adders
  3 river rats (D:8)
  A shadow imp (D:5)
  2 oozes
  An adder skeleton (D:5)
  3 worms
  16 orcs
  6 giant cockroaches
  18 goblins
  10 hobgoblins
  5 jackals
  9 kobolds
  6 quokkas
  A ball python (D:4)
  6 bats
  8 frilled lizards
  A quokka skeleton (D:6)
  2 rats (D:2)
161 creatures vanquished.

Vanquished Creatures (others)
  3 spectral weapons
3 creatures vanquished.

Grand Total: 164 creatures vanquished

Notes
Turn   | Place    | Note
-------+----------+-------------------------------------------
     0 | D:1      | FishyPogo the Gnoll Skald began the quest for the Orb.
     0 | D:1      | Reached XP level 1. HP: 20/20 MP: 6/6
   159 | D:1      | Reached XP level 2. HP: 26/26 MP: 7/7
   293 | D:1      | Learned a level 2 spell: Song of Slaying
   297 | D:1      | Learned a level 2 spell: Shroud of Golubria
   438 | D:1      | Reached XP level 3. HP: 22/31 MP: 9/9
   443 | D:1      | Learned a level 3 spell: Regeneration
   447 | D:1      | Learned a level 3 spell: Spectral Weapon
   617 | D:2      | Reached skill level 5 in Spellcasting
   779 | D:3      | Reached skill level 1 in Invocations
   923 | D:2      | Reached skill level 1 in Short Blades
   923 | D:2      | Reached skill level 1 in Axes
   923 | D:2      | Reached skill level 1 in Maces & Flails
   923 | D:2      | Reached skill level 1 in Polearms
   923 | D:2      | Reached skill level 1 in Staves
   923 | D:2      | Reached skill level 1 in Slings
   923 | D:2      | Reached skill level 1 in Bows
   923 | D:2      | Reached skill level 1 in Crossbows
   923 | D:2      | Reached skill level 1 in Throwing
   923 | D:2      | Reached skill level 1 in Stealth
   923 | D:2      | Reached skill level 1 in Shields
   923 | D:2      | Reached skill level 1 in Unarmed Combat
   923 | D:2      | Reached skill level 1 in Evocations
   933 | D:2      | Reached XP level 4. HP: 37/38 MP: 3/11
  1098 | D:2      | Noticed Natasha
  1147 | D:2      | Killed Natasha
  1208 | D:2      | Noticed Natasha
  1212 | D:2      | Reached skill level 1 in Conjurations
  1212 | D:2      | Reached skill level 1 in Hexes
  1212 | D:2      | Reached skill level 1 in Summonings
  1212 | D:2      | Reached skill level 1 in Necromancy
  1212 | D:2      | Reached skill level 1 in Translocations
  1212 | D:2      | Reached skill level 1 in Transmutations
  1212 | D:2      | Reached skill level 1 in Fire Magic
  1212 | D:2      | Reached skill level 1 in Ice Magic
  1212 | D:2      | Reached skill level 1 in Air Magic
  1212 | D:2      | Reached skill level 1 in Earth Magic
  1212 | D:2      | Reached skill level 1 in Poison Magic
  1216 | D:2      | Killed Natasha
  1216 | D:2      | Reached XP level 5. HP: 35/43 MP: 6/12
  1575 | D:2      | Noticed Natasha
  1578 | D:2      | Killed Natasha
  1663 | D:3      | Noticed an ogre
  1680 | D:3      | Killed an ogre
  1680 | D:3      | Reached XP level 6. HP: 9/50 MP: 8/13
  1834 | D:3      | Noticed Robin
  1862 | D:3      | Killed Robin
  1862 | D:3      | Reached skill level 5 in Fighting
  1862 | D:3      | Reached skill level 5 in Long Blades
  1862 | D:3      | Reached skill level 5 in Dodging
  1996 | D:3      | Found a faded altar of an unknown god.
  2018 | D:3      | Became a worshipper of Cheibriados the Contemplative
  2018 | D:3      | Reached * piety under Cheibriados
  2143 | D:4      | Noticed Dowan
  2151 | D:4      | Noticed Duvessa
  2181 | D:4      | Killed Duvessa
  2181 | D:4      | Reached XP level 7. HP: 18/56 MP: 0/15
  2199 | D:4      | Killed Dowan
  2326 | D:4      | Found Loazxer's Weapon Emporium.
  2705 | D:4      | Reached ** piety under Cheibriados
  2958 | D:4      | Reached XP level 8. HP: 63/63 MP: 8/16
  3442 | D:5      | Entered Level 5 of the Dungeon
  3445 | D:5      | Found a staircase to the Ecumenical Temple.
  3912 | D:5      | Learned a level 3 spell: Stone Arrow
  3963 | D:5      | Reached *** piety under Cheibriados
  4657 | D:6      | Got an encrusted trident
  4658 | D:6      | Identified the +1 trident "Vivup" {vamp, rN+} (You found it
                  | on level 6 of the Dungeon)
  4833 | D:6      | Reached XP level 9. HP: 67/69 MP: 15/18
  4886 | D:6      | Found an opulent altar of Gozag.
  5052 | D:6      | Found a snail-covered altar of Cheibriados.
  5244 | D:7      | Found a snail-covered altar of Cheibriados.
  5253 | D:7      | Found a hide-covered altar of Uskayaw.
  5256 | D:7      | Found a blossoming altar of Fedhas.
  5259 | D:7      | Found an ornate altar of the Wu Jian Council.
  5260 | D:7      | Found the +5 demon whip "Spellbinder" {antimagic, MR+}
  5479 | D:7      | Found a shimmering altar of Xom.
  5481 | D:7      | Found a stormy altar of Qazlal.
  5481 | D:7      | Found a shimmering altar of Xom.
  5484 | D:7      | Found a shimmering altar of Xom.
  5484 | D:7      | Found a glowing golden altar of the Shining One.
  5484 | D:7      | Found a shimmering blue altar of Sif Muna.
  5710 | D:8      | Found a hazy altar of Hepliaklqana.
  5762 | D:8      | Reached **** piety under Cheibriados
  5817 | D:8      | Noticed a death yak
  5818 | D:8      | Found a staircase to the Lair.
  5818 | D:8      | Noticed a death yak
  5818 | D:8      | Noticed a death yak
  5907 | D:8      | Reached skill level 5 in Armour
  6022 | Lair:1   | Entered Level 1 of the Lair of Beasts
  6042 | Lair:1   | Mangled by a death yak

Levels and vault maps discovered:
D:1:      shiori_arrival_maze, layout_basic
D:2:      layout_loops_ring, first_ration, uniq_natasha
D:3:      layout_rooms, chequers_ecumenical_altar_island, uniq_robin
D:4:      minmay_chambers_of_threes, layout_layer_cave, serial_shops, shop,
          kennysheep_opposing_triangles, uniq_duvessa
D:5:      layout_layer_cave, minmay_temple_entry_grid
D:6:      layout_loops_ring, nicolae_overflow_hidden_temple, basic_altar
D:7:      layout_gridville, grunt_temple_overflow_cloverleaf,
          doesnt_xom_only_xom
D:8:      layout_loops_ring, overflow_temple_1_default,
          yredelemnul_altar_generic, overflow_temple_1_default,
          dpeg_lair_monsters, uniq_maurice
Lair:1:   layout_regular_city, lemuel_fruit_fields, grunt_megastairs_1,
          lemuel_fruit_tree

Skill      XL: |  1  2  3  4  5  6  7  8  9 |
---------------+----------------------------+-----
Spellcasting   | 5 6 |  6.6
Invocations    | 1 2 3 4 |  4.7
Short Blades   | 1 2 3 4 |  4.2
Axes           | 1 2 3 4 |  4.2
Maces & Flails | 1 2 3 4 |  4.2
Polearms       | 1 2 3 4 |  4.2
Staves         | 1 2 3 4 |  4.2
Slings         | 1 2 3 4 |  4.2
Bows           | 1 2 3 4 |  4.2
Crossbows      | 1 2 3 4 |  4.2
Throwing       | 1 2 3 4 |  4.2
Stealth        | 1 2 3 4 |  4.2
Shields        | 1 2 3 4 |  4.2
Unarmed Combat | 1 2 3 4 |  4.2
Evocations     | 1 2 3 4 |  4.2
Conjurations   | 1 2 3 |  3.5
Hexes          | 1 2 3 |  3.5
Summonings     | 1 2 3 |  3.5
Necromancy     | 1 2 3 |  3.5
Translocations | 1 2 3 |  3.5
Transmutations | 1 2 3 |  3.5
Fire Magic     | 1 2 3 |  3.5
Ice Magic      | 1 2 3 |  3.5
Air Magic      | 1 2 3 |  3.5
Earth Magic    | 1 2 3 |  3.5
Poison Magic   | 1 2 3 |  3.5
Armour         | 3 4 5 |  5.0
Fighting       | 5 6 |  6.3
Long Blades    | 5 6 |  6.3
Dodging        | 5 6 |  6.3
Charms         | 6 |  6.5

Action                   |  1- 3 |  4- 6 |  7- 9 || total
-------------------------+-------+-------+-------++-------
Melee: Falchion          |    83 |   137 |   148 ||   368
       Bite              |    12 |    14 |    69 ||    95
       Punch             |       |     4 |    14 ||    18
       Trident           |       |       |    53 ||    53
       Dagger            |       |       |    76 ||    76
       Demon whip        |       |       |    36 ||    36
Throw: Dart              |       |     1 |     4 ||     5
       Stone             |       |       |     3 ||     3
       Javelin           |       |       |     1 ||     1
 Cast: Song of Slaying   |     2 |     4 |     4 ||    10
       Infusion          |     4 |     3 |     5 ||    12
       Regeneration      |     2 |     4 |    16 ||    22
       Shroud of Golubri |     1 |     8 |    11 ||    20
       Spectral Weapon   |       |     8 |    26 ||    34
       Stone Arrow       |       |       |     2 ||     2
Invok: Bend Time         |       |       |     2 ||     2
  Use: Scroll            |       |       |     5 ||     5
       Potion            |       |       |     1 ||     1
 Stab: Sleeping          |     2 |     5 |    10 ||    17
       Distracted        |       |     1 |     3 ||     4
  Eat: Chunk             |     1 |     5 |     8 ||    14
Armor: Leather armour    |    22 |    29 |    86 ||   137
Dodge: Dodged            |    63 |    68 |   223 ||   354
       Rpst.: Falchion   |    27 |    30 |    40 ||    97
